 Dungeon Crawl Stone Soup version 0.18-a0-1685-g4482fe3 (webtiles) character file.

1223 Ijustatesigmund the Covert (level 8, -1/56 HPs)
             Began as an Octopode Assassin on Apr 4, 2016.
             Was a Believer of Cheibriados.
             Slain by a wyvern (18 damage)
             ... on level 7 of the Dungeon.
             The game lasted 00:14:34 (6813 turns).

Ijustatesigmund the Covert (Octopode Assassin)      Turns: 6813, Time: 00:14:35

Health: -1/56      AC:  1    Str: 15    XL:     8   Next: 47%
Magic:  6/8        EV: 14    Int: 18    God:    Cheibriados [**....]
Gold:   291        SH:  0    Dex: 21    Spells: 0 memorised, 7 levels left

rFire  . . .     SeeInvis .     m - -2 short sword (curse)
rCold  + . .     Gourm    .     (no shield)
rNeg   . . .     Faith    .     (helmet restricted)
rPois  .         Spirit   .     p - amulet of magic regeneration
rElec  .         Dismiss  .     k - ring of protection from cold
rCorr  +         Reflect  .     l - ring of resist corrosion
SustAt +         Harm     .     g - +2 ring of evasion
MR     .....                    j - ring of sustain attributes
Stlth  ++++++....               (no ring)
                                (no ring)
                                (no ring)
                                (no ring)

@: very slow, not resistant to hostile enchantments, very stealthy
A: almost no armour, amphibious, 8 rings, constrict 8, camouflage 1, gelatinous
body 1
a: Bend Time, Renounce Religion


You were on level 7 of the Dungeon.
You worshipped Cheibriados.
Cheibriados was pleased with you.
You were not hungry.

You visited 2 branches of the dungeon, and saw 8 of its levels.

You collected 291 gold pieces.

Inventory:

Hand Weapons
 a - a +2 dagger
 b - a +1 blowgun
 m - a cursed -2 short sword (weapon)
Missiles
 c - 40 poisoned needles
 d - 2 curare-tipped needles
Jewellery
 g - a +2 ring of evasion (on tentacle)
 j - a ring of sustain attributes (on tentacle)
 k - a ring of protection from cold (left tentacle)
 l - a ring of resist corrosion (right tentacle)
 p - an amulet of magic regeneration (around mantle)
Wands
 i - a wand of iceblast (6/15)
 u - a wand of flame (27/48)
Scrolls
 r - a scroll of identify
 s - a scroll of fog
 t - 2 scrolls of amnesia
 v - a scroll of enchant armour
Potions
 e - a potion of cure mutation
 h - 2 potions of might
 o - a potion of ambrosia
 q - a potion of resistance
 w - a potion of lignification
Comestibles
 f - 5 bread rations
 n - 2 meat rations


   Skills:
 + Level 5.4 Fighting
 + Level 6.0 Short Blades
 - Level 3.0 Throwing
 + Level 1.0 Dodging
 + Level 9.7 Stealth


You had 7 spell levels left.
You didn't know any spells.

Dungeon Overview and Level Annotations

Branches:
Dungeon (7/15)             Temple (1/1) D:4

Altars:
Ashenzari
Cheibriados
Elyvilon
Gozag
Nemelex Xobeh
Okawaru
Pakellas
Qazlal
Ru
Sif Muna
Trog
Vehumet
Xom
Zin
The Shining One

Shops:
D:4 }

Annotations:
D:2 Sigmund
D:4 Dowan


Innate Abilities, Weirdness & Mutations

You cannot wear most types of armour.
You are amphibious.
You can wear up to eight rings at the same time.
You can use your tentacles to constrict eight enemies at once.
Your skin changes colour to match your surroundings (Stealth).
Your rubbery body absorbs attacks (AC +1).


Message History

Read which item? (? for menu, Esc to quit)
Okay, then.
The flow of time bends around you.
The wyvern resists with some effort.
You feel slightly more hungry.
Cheibriados lowers the support of your attributes as your movement quickens.
The wyvern misses you.
You closely miss the wyvern. You squeeze the wyvern!
The wyvern is moderately wounded.
The wyvern misses you. The wyvern barely misses you.
You barely miss the wyvern.
You squeeze the wyvern, but do no damage.
The wyvern is moderately wounded.
The wyvern barely misses you.
You hit the wyvern. You squeeze the wyvern.
The wyvern is moderately wounded.
The wyvern completely misses you.
You hit the wyvern but do no damage.
The wyvern is moderately wounded.
The wyvern bites you!!
You die...

.#.#( .....
.#.#.#
....##########
....##......#
##..........#
##.l.##......#
##...@.#......###
#......:..<.....#
#..$..........#.#
#.............#
##.....#......#
#............#
#.............#
.....>..#######
........


You could see a wyvern.

Vanquished Creatures
  Grinder (D:6)
  2 sky beasts (D:5)
  An ogre (D:5)
  A giant frog (D:6)
  A water moccasin zombie (D:6)
  A howler monkey (D:6)
  A crimson imp (D:5)
  A hound (D:6)
  3 orc priests (D:3)
  A giant frog skeleton (D:6)
  2 iguanas
  5 worker ants
  A hound skeleton (D:4)
  8 gnolls
  2 adders
  2 shadow imps (D:5)
  An ooze (D:1)
  An adder zombie (D:6)
  A worm (D:2)
  3 dart slugs
  7 giant geckos
  9 orcs
  3 ball pythons
  4 giant cockroaches
  7 goblins
  8 hobgoblins
  10 jackals
  6 quokkas
  7 bats
  2 giant cockroach zombies
  3 giant newts
  11 kobolds
  A quokka skeleton (D:5)
  9 rats
126 creatures vanquished.

Notes
Turn   | Place    | Note
--------------------------------------------------------------
     0 | D:1      | Ijustatesigmund the Octopode Assassin began the quest for the Orb.
     0 | D:1      | Reached XP level 1. HP: 14/14 MP: 1/1
    96 | D:1      | Reached XP level 2. HP: 14/19 MP: 2/2
   557 | D:1      | Reached XP level 3. HP: 24/24 MP: 3/3
   850 | D:1      | Reached skill level 6 in Stealth
  1212 | D:2      | Reached XP level 4. HP: 27/29 MP: 4/4
  1513 | D:2      | Noticed Sigmund
  1857 | D:3      | Reached XP level 5. HP: 33/34 MP: 5/5
  2521 | D:4      | Found Fuborr's Gadget Emporium.
  2557 | D:4      | Found a staircase to the Ecumenical Temple.
  2566 | Temple   | Entered the Ecumenical Temple
  2690 | Temple   | Became a worshipper of Cheibriados the Contemplative
  2826 | D:3      | Reached skill level 7 in Stealth
  3101 | D:3      | Reached XP level 6. HP: 41/41 MP: 6/6
  3315 | D:3      | Reached * piety under Cheibriados
  4131 | D:4      | Noticed Dowan
  4196 | D:5      | Entered Level 5 of the Dungeon
  4646 | D:5      | Found a deep blue altar of Sif Muna.
  4743 | D:5      | Found an oddly glowing altar of Pakellas.
  4779 | D:5      | Reached skill level 8 in Stealth
  4779 | D:5      | Reached XP level 7. HP: 47/47 MP: 7/7
  4792 | D:5      | Found a sacrificial altar of Ru.
  5094 | D:5      | Reached skill level 5 in Short Blades
  5268 | D:6      | Found a sparkling altar of Nemelex Xobeh.
  5275 | D:6      | Reached ** piety under Cheibriados
  5679 | D:6      | Found a runed door.
  5750 | D:6      | Reached skill level 9 in Stealth
  5750 | D:6      | Reached XP level 8. HP: 32/54 MP: 8/8
  5998 | D:6      | Noticed Grinder
  6006 | D:5      | Found a stormy altar of Qazlal.
  6006 | D:5      | Found a white marble altar of Elyvilon.
  6009 | D:5      | Found a bloodstained altar of Trog.
  6288 | D:6      | Killed Grinder
  6288 | D:6      | Reached skill level 5 in Fighting
  6453 | D:6      | Found a glowing golden altar of the Shining One.
  6801 | D:7      | Noticed a wyvern
  6813 | D:7      | Slain by a wyvern

Vault maps used:
D:1:      minmay_arrival_plants_in_alcoves, minmay_misc_feat_diagonals
D:2:      lemuel_coloured_pillars_altar, uniq_sigmund
D:4:      minmay_temple_entry_statues_pillars, serial_forest,
          infiniplex_forest_end_3, infiniplex_forest_fountain,
          infiniplex_forest_corner_2, infiniplex_forest_end_3,
          infiniplex_forest_clump_medium, infiniplex_forest_lined_corner,
          infiniplex_forest_pool, infiniplex_forest_clump_long,
          infiniplex_forest_clump_tiny, infiniplex_forest_end_3, serial_shops,
          shop, first_bread, kennysheep_generic_room_11, uniq_pikel,
          uniq_duvessa
D:5:      nicolae_overflow_hidden_temple, grunt_pakellas_mercury,
          old_standard_altar, nicolae_ru_awakened_eye
D:6:      tso_metal_star, nicolae_overflow_crystal_walls, serial_glass,
          glass_columns_c, glass_columns_c, minivault_25,
          lightli_church_of_beogh, uniq_grinder
D:7:      serial_glass, glass_columns_b, glass_columns_a,
          uniq_crazy_yiuf_cottage
Temple:   nicolae_temple_figure_zero

Skill      XL: |  1  2  3  4  5  6  7  8 |
---------------+-------------------------+-----
Stealth        | 6 7 8 9 |  9.7
Throwing       | 3 |  3.0
Short Blades   | 3 4 5 6 |  6.0
Fighting       | 3 4 5 |  5.4
Dodging        | |  1.0

Action                   |  1- 3 |  4- 6 |  7- 9 || total
-------------------------+-------+-------+-------++-------
Melee: Dagger            |    67 |    24 |       ||    91
       Short sword       |       |   142 |    75 ||   217
 Fire: Blowgun           |       |     9 |       ||     9
Invok: Bend Time         |       |       |     1 ||     1
  Use: Scroll            |     5 |     6 |     3 ||    14
 Stab: Sleeping          |    11 |    16 |    17 ||    44
       Distracted        |     1 |     1 |     1 ||     3
  Eat: Chunk             |     1 |     6 |       ||     7
       Pizza             |       |     2 |       ||     2
       Bread ration      |       |       |     1 ||     1
